AoeStats
← len´s_goth

Nomad

510255939Analyzed
2v2 RM · 22h ago on Sep 30, 2026· 46m 39s· 4 players
Game mode
Random Map
Map size
176×176
Population
200
Speed
Normal
Resources
Standard
Victory
Conquest
Starting age
Dark Age
Ending age
Imperial Age
RankedLock teamsTeams togetherTeam positionsShared explorationLock speedFull tech treeHidden civsTurbo modeCheats
Victory
Defeat
🇲🇽 Vietnamese · Mexico
1097
+15
🇨🇦 Italians · Canada
1052
+17
🇲🇽 Celts · Mexico
1079
-16
🇲🇽 Italians · Mexico
1071
-16
nazcas777
4:16 Loom
14:54 Feudal Age
17:48 Double-Bit Axe
20:32 Castle Age
19:12 Gold Mining
19:18 Fletching
19:13 Horse Collar
20:08 Stone Mining
21:39 Bow Saw
21:28 Bodkin Arrow
24:22 Padded Archer Armor
25:09 Wheelbarrow
29:35 Hand Cart
31:32 Ballistics
35:15 Imperial Age
34:13 Heavy Plow
35:39 Leather Archer Armor
37:06 Chemistry
36:44 Crop Rotation
38:27 Bracer
38:57 Ring Archer Armor
38:55 Onager
43:13 Two-Man Saw
46:29 Siege Engineers
46:48 Forging
46:44 Scale Barding Armor
46:01 Light Cavalry
46:52 Bloodlines
46:56 Husbandry
bohsainn
3:07 Loom
17:50 Feudal Age
18:31 Double-Bit Axe
19:24 Wheelbarrow
19:55 Fishing Lines
22:38 Castle Age
20:35 Fletching
20:46 Padded Archer Armor
22:47 Elite Skirmisher
23:43 Bodkin Arrow
24:46 Gillnets
27:22 Leather Archer Armor
30:27 Imperial Age
28:36 Murder Holes
29:56 Ballistics
36:41 Thumb Ring
38:48 Onager
40:14 Hand Cart
40:06 Bracer
42:41 Chemistry
42:25 Crossbowman
46:15 Conscription
46:44 Masonry
46:10 Arbalester
len´s_goth
6:56 Loom
14:15 Feudal Age
14:55 Double-Bit Axe
24:45 Castle Age
22:41 Gold Mining
23:44 Horse Collar
24:33 Fletching
25:01 Crossbowman
26:31 Bodkin Arrow
27:44 Bow Saw
28:48 Thumb Ring
29:46 Town Watch
32:18 Ballistics
32:15 Town Patrol
32:20 Padded Archer Armor
32:56 Stone Mining
34:10 Wheelbarrow
34:11 Leather Archer Armor
42:23 Imperial Age
40:31 Hand Cart
42:34 Forging
42:38 Husbandry
43:47 Bracer
43:12 Arbalester
El_Terrible
8:59 Loom
15:22 Feudal Age
16:28 Town Watch
17:08 Double-Bit Axe
21:36 Castle Age
21:28 Gold Mining
21:34 Stone Mining
22:57 Wheelbarrow
23:22 Bow Saw
25:51 Forging
25:43 Scale Mail Armor
25:33 Horse Collar
26:50 Heavy Plow
32:29 Hand Cart
37:07 Imperial Age
35:40 Town Patrol
36:58 Iron Casting
36:43 Chain Mail Armor
37:16 Capped Ram
38:46 Conscription
37:57 Capped Ram
39:17 Furor Celtica
38:47 Heavy Scorpion
44:01 Elite Woad Raider
Connection lost

Rejoining the realm…

Still unreachable

The connection could not be restored.

Session expired

The server has moved on; the page needs a fresh start.